 Dungeon Crawl Stone Soup version 0.30.0-5-g1a98f26d00 (webtiles) character file.

Game seed: 4592244773961296307

7 Foic the Grasshopper (level 1, 20/20 HPs)
             Began as a Troll Warper on May 8, 2023.
             Got out of the dungeon alive.
             The game lasted 00:00:59 (44 turns).

Foic the Grasshopper (Troll Warper)                   Turns: 44, Time: 00:01:01

Health: 20/20      AC:  4    Str: 18    XL:     1   Next: 83%
Magic:  1/1        EV: 10    Int:  9    God:
Gold:   0          SH:  0    Dex:  9    Spells: 2/2 levels left

rFire   . .          .
                       - Unarmed
rCold   . . .        (no shield)
rNeg    . . .        a - +0 robe
rPois   .            (helmet restricted)
rElec   .            (no cloak)
rCorr   .            (gloves unavailable)
SInv    .            (boots unavailable)
Will    .....        (no amulet)
Stlth   +            (no ring)
HPRegen 1.03/turn    (no ring)
MPRegen 0.07/turn

%: no passive effects
@: no status effects
A: large, unfitting armour, claws 3, regeneration 1, shaggy fur 1, tough skin 1
a: no special abilities


You escaped.
You visited 1 branch of the dungeon, and saw 1 of its levels.

Inventory:

Missiles
 c - 7 boomerangs of dispersal (quivered)
Armour
 a - a +0 robe (worn)
Scrolls
 b - a scroll of blinking


   Skills:
 + Level 1.6 Fighting
 + Level 1.1 Throwing
 + Level 2.0 Dodging
 + Level 2.1 Unarmed Combat
 + Level 1.3 Spellcasting
 + Level 2.2 Translocations


You had 2 spell levels left.
You didn't know any spells.
Your spell library contained the following spells:

 Spells                   Type           Power      Damage    Failure   Level
 Blink                    Tloc           8%         N/A       22%         2
 Lesser Beckoning         Tloc           8%         N/A       22%         2
 Teleport Other           Tloc           4%         N/A       41%         3
 Vhi's Electric Charge    Tloc/Air       4%         N/A       56%         3
 Manifold Assault         Tloc           4%         N/A       82%         4


Dungeon Overview and Level Annotations

Branches:
Dungeon (1/15)

Altars:


Innate Abilities, Weirdness & Mutations

You are too large for most types of armour.
You have claws for hands.
Your natural rate of healing is unusually fast.
You are covered in fur. (AC +1)
You have tough skin. (AC +1)


Message History

A rat comes into view.
Found 12 gold pieces.
The hobgoblin shouts!
You claw the dart slug!
The dart slug is severely wounded.
The dart slug bites you but does no damage.
A hobgoblin comes into view.
The hobgoblin shouts!
You scratch the dart slug but do no damage.
The dart slug is severely wounded.
The dart slug closely misses you.
You scratch the dart slug.
You kill the dart slug!
Your Throwing skill increases to level 1!
Your Dodging skill increases to level 2!
You scratch the rat.
You kill the rat!
The hobgoblin hits you but does no damage.
The hobgoblin hits you but does no damage.
You see here a rat corpse.
You scratch the hobgoblin.
You kill the hobgoblin!
You scratch the hobgoblin but do no damage.
The hobgoblin barely misses you.
You closely miss the hobgoblin. The hobgoblin hits you.
You scratch the hobgoblin.
The hobgoblin is almost dead.
The hobgoblin closely misses you.
You scratch the hobgoblin but do no damage.
The hobgoblin is almost dead.
The hobgoblin closely misses you.
You claw the hobgoblin!
You kill the hobgoblin!
You see here a hobgoblin corpse.
You see here a ball python corpse.
There is a staircase leading out of the dungeon here.
Are you sure you want to leave the Dungeon?
This will make you lose the game!
Uppercase [Y]es or [N]o only, please.
Are you sure you want to leave the Dungeon?
This will make you lose the game!
You have escaped!

............######.....
...........≈≈≈≈≈≈~≈≈≈...
..........≈≈≈≈≈≈~≈≈≈≈≈..
.........≈≈≈≈≈≈≈~≈≈≈≈≈≈.
........≈≈≈8≈≈≈≈≈~≈≈8≈≈≈
........≈≈≈≈≈≈≈≈≈≈~≈≈≈≈≈
........≈≈≈≈...≈≈≈~≈≈≈≈≈
††.......≈≈.≈≈≈.≈≈~≈≈≈≈≈
.†......≈†.≈≈≈≈.@~≈≈≈≈≈≈
.(......≈≈≈≈≈≈~>.≈≈≈≈..≈
........≈≈≈≈≈~≈≈.≈≈≈.≈≈.
..#.....≈≈≈≈≈~≈≈≈...≈≈≈≈
#.#####.≈≈≈≈≈~≈≈≈≈≈≈≈≈≈≈
#.# ..≈≈≈8≈≈~≈≈≈≈≈8≈≈≈
#.. ####≈≈≈≈≈≈~≈≈≈≈≈≈≈.
#.. ..≈≈≈≈≈~≈≈≈≈≈≈..


There were no monsters in sight!

Vanquished Creatures
  A dart slug (D:1)
  2 hobgoblins (D:1)
  A ball python (D:1)
  A rat (D:1)
5 creatures vanquished.

Notes
Turn   | Place    | Note
-------+----------+-------------------------------------------
     0 | D:1      | Foic the Troll Warper began the quest for the Orb.
     0 | D:1      | Reached XP level 1. HP: 19/19 MP: 1/1
    18 | D:1      | Reached skill level 1 in Throwing
    44 | D:$      | Got out of the dungeon alive.

Illustrated notes

Levels and vault maps discovered:
D:1:      nzn_arrival_water_spiral, layout_rooms

Skill      XL: |  1 |
---------------+----+-----
Throwing       | 1 |  1.1
Dodging        | 2 |  2.0
Fighting       | |  1.6
Unarmed Combat | |  2.1
Spellcasting   | |  1.3
Translocations | |  2.2

Action                     || total
---------------------------++-------
  Melee: Unarmed           ||    11
         Punch             ||     1
 Armour: Robe              ||     3
  Dodge: Dodged            ||     4
